AoeStats
← |GaoeG| flamingo

Arena

507496420Analyzed
3v3 RM · 15d ago on Sep 18, 2026· 46m 25s· 6 players
Game mode
Random Map
Map size
Normal (6 player)
Population
200
Speed
Normal
Resources
Standard
Victory
Conquest
Starting age
Dark Age
Ending age
Imperial Age
RankedLock teamsTeams togetherTeam positionsShared explorationLock speedFull tech treeHidden civsTurbo modeCheats
Victory
Defeat
🇫🇷 Persians · France
1201
+15
🇷🇺 Cumans · Russia
1185
+16
🇻🇳 Britons · Vietnam
1163
+16
🇪🇸 Spanish · Spain
1353
-23
🇪🇸 Bohemians · Spain
1192
-16
🇪🇸 Poles · Spain
980
-8
SuterOne
10:08 Feudal Age
11:00 Double-Bit Axe
15:17 Castle Age
13:07 Horse Collar
14:18 Loom
17:31 Bow Saw
21:23 Wheelbarrow
27:14 Imperial Age
25:08 Town Watch
25:27 Heavy Plow
25:42 Pikeman
28:37 Chemistry
28:14 Scale Mail Armor
28:25 Forging
28:19 Squires
28:02 Halberdier
30:04 Conscription
30:36 Hand Cart
30:22 Town Patrol
30:27 Arson
32:39 Wagenburg Tactics
34:37 Chain Mail Armor
34:58 Iron Casting
38:51 Blast Furnace
38:22 Plate Mail Armor
|GaoeG| flamingo
11:03 Feudal Age
14:47 Castle Age
13:52 Double-Bit Axe
13:49 Horse Collar
17:48 Bow Saw
18:06 Heavy Plow
23:58 Loom
27:50 Wheelbarrow
27:55 Gold Mining
30:38 Imperial Age
29:56 Bloodlines
29:46 Husbandry
29:54 Scale Barding Armor
30:00 Forging
29:52 Fletching
30:02 Padded Archer Armor
30:47 Hand Cart
30:59 Chain Barding Armor
30:50 Forging
31:03 Ballistics
30:23 Elite Skirmisher
31:36 Bodkin Arrow
32:20 Plate Barding Armor
32:48 Chemistry
32:41 Thumb Ring
33:36 Conscription
34:57 Two-Man Saw
33:59 Bracer
34:15 Leather Archer Armor
34:39 Iron Casting
34:50 Cavalier
37:03 Ring Archer Armor
37:33 Blast Furnace
36:11 Paladin
40:14 Squires
39:34 Pikeman
40:17 Scale Mail Armor
41:22 Halberdier
42:19 Chain Mail Armor
|GaoeG| Ratarax
12:07 Feudal Age
15:51 Castle Age
13:43 Double-Bit Axe
14:15 Horse Collar
22:55 Heavy Plow
24:44 Wheelbarrow
23:58 Loom
24:36 Gold Mining
25:19 Bow Saw
29:10 Imperial Age
28:07 Bloodlines
27:58 Husbandry
28:08 Scale Barding Armor
28:14 Forging
28:10 Stone Mining
29:09 Szlachta Privileges
30:12 Chain Barding Armor
30:28 Iron Casting
29:15 Cavalier
31:05 Stone Shaft Mining
34:52 Blast Furnace
39:01 Conscription
38:52 Light Cavalry
39:36 Winged Hussar
Self_vs_Self
10:39 Feudal Age
18:14 Castle Age
17:08 Loom
17:35 Double-Bit Axe
17:34 Horse Collar
20:30 Wheelbarrow
20:25 Fletching
21:48 Capped Ram
23:56 Gold Mining
24:58 Bodkin Arrow
25:03 Padded Archer Armor
30:00 Imperial Age
30:18 Leather Archer Armor
30:09 Scale Barding Armor
31:07 Conscription
32:20 Chain Barding Armor
33:03 Ring Archer Armor
33:37 Chemistry
32:58 Ballistics
34:19 Plate Barding Armor
34:32 Forging
34:37 Bloodlines
35:08 Hand Cart
38:30 Hoardings
37:47 Elite Kipchak
45:00 Light Cavalry
46:30 Town Watch
MemeManVai
10:01 Feudal Age
14:12 Castle Age
12:47 Stone Mining
12:58 Double-Bit Axe
15:20 Bow Saw
15:29 Loom
19:54 Horse Collar
22:34 Wheelbarrow
22:56 Heavy Plow
23:17 Gold Mining
23:45 Fletching
24:19 Padded Archer Armor
26:20 Hand Cart
25:29 Elite Skirmisher
26:17 Bodkin Arrow
26:22 Crossbowman
28:52 Leather Archer Armor
31:52 Imperial Age
30:24 Gold Shaft Mining
30:13 Ballistics
30:34 Treadmill Crane
30:50 Murder Holes
30:43 Town Watch
32:36 Bracer
33:07 Ring Archer Armor
32:06 Arbalester
34:13 Chemistry
34:41 Two-Man Saw
34:23 Conscription
34:46 Yeomen
34:47 Conscription
46:05 Siege Engineers
45:48 Arrowslits
46:16 Masonry
46:05 Heated Shot
Furnytt
10:59 Feudal Age
11:59 Double-Bit Axe
14:44 Castle Age
12:36 Horse Collar
15:25 Bow Saw
15:16 Heavy Plow
23:24 Wheelbarrow
23:36 Gold Mining
23:44 Stone Mining
26:00 Scale Barding Armor
25:46 Loom
27:08 Hand Cart
27:39 Bloodlines
27:54 Chain Barding Armor
28:44 Stone Shaft Mining
28:48 Gold Shaft Mining
31:13 Imperial Age
29:16 Forging
30:48 Iron Casting
30:47 Husbandry
31:01 Elite War Elephant
32:23 Plate Barding Armor
32:49 Blast Furnace
32:56 Conscription
35:17 Two-Man Saw
34:48 Crop Rotation
Connection lost

Rejoining the realm…

Still unreachable

The connection could not be restored.

Session expired

The server has moved on; the page needs a fresh start.